 Dungeon Crawl Stone Soup version 0.21-a0-584-g185da8e (console) character file.

9317 Mandevil the Grappler (level 11, 0/106 HPs)
             Began as a Grey Draconian Transmuter on Dec 20, 2017.
             Was a High Priest of Cheibriados.
             Slain by a yak (11 damage)
             ... on level 10 of the Dungeon.
             The game lasted 00:36:39 (10323 turns).

Mandevil the Grappler (Grey Draconian Transmuter)  Turns: 10323, Time: 00:36:40

Health: 0/106      AC:  7    Str: 28    XL:     11   Next: 21%
Magic:  21/31      EV: 12    Int: 26    God:    Cheibriados [*****.]
Gold:   417        SH:  4    Dex: 26    Spells: 9/25 levels left

rFire    x . .     SeeInvis +     - Unarmed
rCold    + + +     Gourm    .   (shield currently unavailable)
rNeg     . . .     Faith    .   (armour unavailable)
rPois    +         Spirit   .   (helmet currently unavailable)
rElec    .         Reflect  +   (cloak currently unavailable)
rCorr    .         Harm     .   (gloves currently unavailable)
MR       .....                  (boots currently unavailable)
Stlth    ++........             H - +4 amulet of reflection
HPRegen  0.27/turn              F - ring of see invisible
MPRegen  0.22/turn              q - ring of magical power

@: ice-form, very slow
A: large, (walk through water), unfitting armour, AC +12
a: End Transformation, Bend Time, Temporal Distortion, Slouch, Step From Time,
Renounce Religion


You were on level 10 of the Dungeon.
You worshipped Cheibriados.
Cheibriados was extremely pleased with you.
You were not hungry.
You were a creature of crystalline ice.
You visited 1 branch of the dungeon, and saw 10 of its levels.

You collected 417 gold pieces.

Inventory:

Missiles
 a - 75 arrows
 l - 98 bolts
 n - 87 sling bullets
 r - 14 poisoned needles
 s - 196 stones (quivered)
 t - 14 tomahawks
Armour
 u - a +1 cloak (melded)
 w - a +2 hat (melded)
Jewellery
 d - an uncursed ring of stealth
 h - an uncursed ring of protection from cold
 p - an uncursed ring of fire
 q - a ring of magical power (right front paw)
 F - a ring of see invisible (left front paw)
 H - a +4 amulet of reflection (around neck)
Wands
 v - a wand of acid (1)
 I - a wand of digging (10)
 L - a wand of iceblast (11)
Scrolls
 i - a scroll of fog
 m - a scroll of magic mapping
 D - 3 scrolls of amnesia
 G - 2 scrolls of teleportation
Potions
 f - a potion of ambrosia
 g - 3 potions of curing
 k - a potion of flight
 o - a potion of berserk rage
 x - a potion of lignification {unknown}
 z - a potion of cancellation {unknown}
 A - a potion of invisibility {unknown}
 C - a potion of degeneration {unknown}
 E - a potion of agility {unknown}
Books
 b - a book of Changes

   Spells                             Type                      Level
   a - Beastly Appendage              Transmutation                1
   b - Sticks to Snakes               Transmutation                2
   c - Spider Form                    Transmutation/Poison         3
   d - Ice Form                       Ice/Transmutation            4
   e - Blade Hands                    Transmutation                5
 e - a book of Minor Magic

   Spells                             Type                      Level
   a - Magic Dart                     Conjuration                  1
   b - Blink                          Translocation                2
   c - Call Imp                       Summoning                    2
   d - Slow                           Hexes                        2
   e - Conjure Flame                  Conjuration/Fire             3
   f - Mephitic Cloud                 Conjuration/Poison/Air       3
 y - a book of Callings

   Spells                             Type                      Level
   a - Summon Small Mammal            Summoning                    1
   b - Call Imp                       Summoning                    2
   c - Call Canine Familiar           Summoning                    3
   d - Summon Guardian Golem          Hexes/Summoning              3
   e - Summon Lightning Spire         Summoning/Air                4
   f - Summon Ice Beast               Ice/Summoning                4
 J - a book of Cantrips

   Spells                             Type                      Level
   a - Confusing Touch                Hexes                        1
   b - Animate Skeleton               Necromancy                   1
   c - Summon Small Mammal            Summoning                    1
   d - Apportation                    Translocation                1
Comestibles
 c - 24 rations


   Skills:
 - Level 5.9 Fighting
 - Level 3.0 Dodging
 + Level 8.7 Unarmed Combat
 + Level 7.7 Spellcasting
 + Level 8.3 Transmutations
 - Level 4.4 Ice Magic
 + Level 8.2 Invocations


You had 9 spell levels left.
You knew the following spells:

 Your Spells              Type           Power        Failure   Level  Hunger
a - Beastly Appendage     Tmut           ######       1%          1    None
b - Sticks to Snakes      Tmut           ######..     1%          2    None
c - Spider Form           Tmut/Pois      ####......   3%          3    None
d - Blade Hands           Tmut           ######....   5%          5    ####...
h - Confusing Touch       Hex            ##....       6%          1    None
Y - Ice Form              Ice/Tmut       #####...     4%          4    ##.....


Dungeon Overview and Level Annotations

Branches:
Dungeon (10/15)            Temple (0/1) D:5
   Lair: D:8-11         Orc: D:9-12

Altars:
Cheibriados
Dithmenos
Gozag
Makhleb
Qazlal
Ru

Shops:
D:5 ((?[   D:8 (

Annotations:
D:6 2 exclusions


Innate Abilities, Weirdness & Mutations

((You can walk through water.))
((Your dull iron-grey scales are very hard. (AC +12)))
You cannot fit into any form of body armour.
((You can survive without breathing.))
((You are cold-blooded and may be slowed by cold attacks.))


Message History

Casting: Sticks to Snakes
Confirm with . or Enter, or press ? or * to list all spells.
You create 3 snakes!
You now have 75 arrows.
Your water moccasin bites the wight.
The yak barely misses you.
Your adder bites the yak but does no damage.
The wight barely misses your adder.
Your adder bites the yak.
The wight hits your water moccasin with a falchion!
Your water moccasin dies!
The wight hits your adder with a battleaxe.
The wight drains your adder!
Your adder dies!
The wight hits you with a battleaxe.
* * * LOW HITPOINT WARNING * * *
The wight barely misses your adder.
The wight hits your adder with a battleaxe.
Your adder bites the wight but does no damage.
The wight barely misses your water moccasin.
Your water moccasin bites the yak.
Your adder barely misses the yak.
The yak gores you!
You die...

.#........#.......# z
.#........#.......####'#
.#........#...........
.#........#....####'#.
.'........#....'....#
.##########...Y#.z..#.....
...............#Szzz#....
######......YY.#YSS.#....
# #.........#YS..#.$. #
#.........#....#... #
#......Y..#....#..# #
#.........######..# ##
#........ .....F.<# ....
......... ......Y.#
.....#####.... ........#
.....# ......Y.# .....#
##......#


You could see a yak, 4 wights, 2 friendly water moccasins and 2 friendly adders.

Vanquished Creatures
  2 two-headed ogres
  Pikel (D:4)
  The ghost of Armakuni the Transmogrifier, a novice DrTm (D:6)
  A troll (D:9)
  2 hippogriffs (D:8)
  16 yaks
  Sigmund (D:2)
  A wraith (D:10)
  A human (D:7)
  2 hogs (D:7)
  2 orc warriors
  A necrophage (D:8)
  An ice beast (D:8)
  A slave (D:4)
  4 ogres
  3 centaurs
  A crocodile (D:8)
  A big kobold (D:9)
  10 bullfrogs
  2 scorpions
  A wyvern skeleton (D:7)
  5 killer bees (D:8)
  2 electric eels (D:6)
  2 howler monkeys
  5 wights (D:8)
  5 crimson imps
  A quasit (D:7)
  6 hounds
  A bullfrog zombie (D:7)
  3 jellies
  4 orc priests
  3 orc wizards
  A bullfrog skeleton (D:4)
  A centaur skeleton (D:4)
  An iguana (D:6)
  6 worker ants
  A hound zombie (D:9)
  2 hound skeletons
  12 adders
  A shadow imp (D:6)
  An ooze (D:2)
  An adder zombie (D:5)
  An adder skeleton (D:5)
  A worm (D:2)
  6 dart slugs
  6 leopard geckos
  37 orcs
  6 giant cockroaches
  9 goblins
  8 hobgoblins
  11 jackals
  3 quokkas
  5 ball pythons
  7 bats
  4 frilled lizards
  11 kobolds
  A quokka zombie (D:5)
  8 rats
  A butterfly (D:5)
244 creatures vanquished.

Vanquished Creatures (collateral kills)
  Prince Ribbit (D:9)
  An ice beast (D:5)
  2 ogres
  A crimson imp (D:9)
  An orc priest (D:3)
  An adder (D:4)
  A ball python skeleton (D:4)
8 creatures vanquished.

Vanquished Creatures (others)
  4 orcs (D:4)
  4 plants (D:6)
8 creatures vanquished.

Grand Total: 260 creatures vanquished

Notes
Turn   | Place    | Note
-------+----------+-------------------------------------------
     0 | D:1      | Mandevil the Draconian Transmuter began the quest for the Orb.
     0 | D:1      | Reached XP level 1. HP: 16/16 MP: 3/3
   426 | D:1      | Reached XP level 2. HP: 14/23 MP: 3/5
  1280 | D:2      | Reached XP level 3. HP: 29/29 MP: 4/6
  1311 | D:2      | Noticed Sigmund
  1320 | D:2      | Killed Sigmund
  1320 | D:2      | Reached XP level 4. HP: 37/37 MP: 6/8
  1320 | D:2      | Reached XP level 5. HP: 42/42 MP: 6/9
  1448 | D:2      | Found a shadowy altar of Dithmenos.
  1875 | D:2      | Learned a level 2 spell: Sticks to Snakes
  1879 | D:2      | Learned a level 3 spell: Spider Form
  2049 | D:2      | Found a sacrificial altar of Ru.
  2354 | D:3      | Found a faded altar of an unknown god.
  2375 | D:3      | Found a snail-covered altar of Cheibriados.
  2383 | D:3      | Reached XP level 6. HP: 45/50 MP: 10/10
  2391 | D:3      | Became a worshipper of Cheibriados the Contemplative
  3138 | D:4      | Reached skill level 1 in Invocations
  3352 | D:4      | Reached * piety under Cheibriados
  3352 | D:4      | Your scales start taking on a dull iron-grey colour.
  3352 | D:4      | Reached XP level 7. HP: 41/57 MP: 12/12
  3352 | D:4      | Gained mutation: You can survive without breathing. [Grey Draconian growth]
  3367 | D:4      | Noticed Pikel
  3404 | D:4      | Killed Pikel
  3404 | D:4      | Reached skill level 5 in Unarmed Combat
  3642 | D:4      | Reached XP level 8. HP: 56/67 MP: 14/14
  3804 | D:4      | Found a stormy altar of Qazlal.
  3906 | D:4      | Noticed an air elemental
  4077 | D:5      | Entered Level 5 of the Dungeon
  4097 | D:5      | Found Becw's Magic Scroll Shop.
  4124 | D:5      | Found Voaloy's Weapon Shop.
  4146 | D:5      | Found Bis Ygum's Antique Weapon Emporium.
  4264 | D:5      | Reached skill level 5 in Fighting
  4272 | D:5      | Reached skill level 5 in Transmutations
  4375 | D:5      | Reached ** piety under Cheibriados
  4479 | D:5      | Found a staircase to the Ecumenical Temple.
  4609 | D:5      | Found Monunu's Armour Boutique.
  4923 | D:6      | Noticed Armakuni's ghost (novice DrTm)
  4959 | D:6      | Killed Armakuni's ghost
  4959 | D:6      | Reached skill level 5 in Spellcasting
  4959 | D:6      | Reached XP level 9. HP: 27/75 MP: 16/16
  5402 | D:6      | Reached skill level 5 in Invocations
  5446 | D:6      | Learned a level 4 spell: Ice Form
  5891 | D:6      | Reached *** piety under Cheibriados
  6175 | D:7      | Reached skill level 1 in Ice Magic
  7168 | D:8      | Reached **** piety under Cheibriados
  7249 | D:8      | Reached XP level 10. HP: 73/83 MP: 19/19
  8030 | D:8      | Found Qogeh's Weapon Boutique.
  8114 | D:8      | Found an opulent altar of Gozag.
  8466 | D:9      | Found a burning altar of Makhleb.
  8505 | D:10     | Entered Level 10 of the Dungeon
  8521 | D:9      | Noticed a two-headed ogre
  8530 | D:9      | Killed a two-headed ogre
  8620 | D:9      | Learned a level 1 spell: Confusing Touch
  8692 | D:9      | Noticed Prince Ribbit
  8713 | D:9      | Killed Prince Ribbit
  8751 | D:9      | Reached ***** piety under Cheibriados
  9429 | D:9      | Reached XP level 11. HP: 57/89 MP: 15/22
  9446 | D:9      | Learned a level 5 spell: Blade Hands
  9856 | D:10     | Noticed a two-headed ogre
  9885 | D:10     | Killed a two-headed ogre
 10323 | D:10     | Slain by a yak

Vault maps used:
D:1:      co_arrival_square_in_a_square_in_a_square, minivault_25, st_stairs_14,
          minmay_pentomino_u2
D:2:      nicolae_ru_path_of_blood, nicolae_overflow_crystal_walls, uniq_sigmund
D:3:      cheibriados_altar_1, chequers_ecumenical_altar_simple,
          kennysheep_generic_room_15
D:4:      nicolae_qazlal_style_of_elements, first_ration, hex_large, uniq_pikel
D:5:      cheibrodos_iron_armory, minmay_temple_entry_butterflies, serial_shops,
          shop, shop_statue, shop, shop, kennysheep_dice
D:6:      abandoned_shop, serial_bayou_lake_a
D:7:      grunt_livestock
D:8:      marbit_many_paths, serial_shops, kennysheep_little_box
D:9:      lemuel_upstairs_altar, lemuel_crystal_altar, uniq_prince_ribbit1
D:10:     erik_lair_dragon

Skill      XL: |  1  2  3  4  5  6  7  8  9 10 11 |
---------------+----------------------------------+-----
Dodging        | 2 3 |  3.0
Fighting       | 2 3 4 5 |  5.9
Transmutations | 3 4 5 6 8 |  8.3
Spellcasting   | 3 4 5 6 7 |  7.7
Unarmed Combat | 4 5 6 7 8 |  8.7
Invocations    | 1 3 4 6 7 8 |  8.2
Ice Magic      | 3 4 |  4.4

Action                   |  1- 3 |  4- 6 |  7- 9 | 10-12 || total
-------------------------+-------+-------+-------+-------++-------
Melee: Unarmed           |    88 |   213 |   322 |   215 ||   838
       Tailslap          |    10 |    24 |    40 |    15 ||    89
       Headbutt          |     1 |     4 |    16 |     4 ||    25
       Kick              |     2 |    27 |    34 |     1 ||    64
       Punch             |     1 |     1 |     9 |     5 ||    16
Throw: Stone             |       |     9 |    48 |    27 ||    84
       Tomahawk          |       |       |    11 |     5 ||    16
 Cast: Beastly Appendage |     6 |    15 |    21 |     6 ||    48
       Sticks to Snakes  |       |    11 |    12 |    34 ||    57
       Spider Form       |       |       |    10 |     6 ||    16
       Ice Form          |       |       |       |     8 ||     8
       Confusing Touch   |       |       |       |     2 ||     2
Invok: Bend Time         |       |       |       |     1 ||     1
       Slouch            |       |       |       |     1 ||     1
 Abil: End Transformatio |       |       |       |     2 ||     2
Evoke: Wand              |       |       |       |     8 ||     8
  Use: Potion            |     1 |       |     1 |     1 ||     3
       Scroll            |       |     4 |     3 |     9 ||    16
 Stab: Sleeping          |     1 |     2 |     4 |     2 ||     9
       Distracted        |       |     1 |     1 |     2 ||     4
       Confused          |       |       |       |     2 ||     2
  Eat: Chunk             |     1 |     8 |     8 |     6 ||    23
Armor: Skin              |    16 |    44 |    80 |    35 ||   175
Dodge: Dodged            |    54 |   123 |   200 |   147 ||   524
Block: Other             |       |       |       |    16 ||    16

Table legend:
 A = Spawn XP
 B = Non-spawn XP
 C = Spawn XP percentage of total XP
 D = Spawn monster count
 E = Non-spawn monster count
 F = Spawn count percentage of total count
 G = Total turns spent on level
                    A         B        C        D         E        F      G
               +---------+---------+-------+---------+---------+-------+---------
         Total |       0 |   13311 |   0.0 |       0 |     250 |   0.0 | 10323
               +---------+---------+-------+---------+---------+-------+---------
           D:1 |       0 |      39 |   0.0 |       0 |      21 |   0.0 |  1262
           D:2 |       0 |     317 |   0.0 |       0 |      34 |   0.0 |   995
           D:3 |       0 |      96 |   0.0 |       0 |      23 |   0.0 |   735
           D:4 |       0 |    1085 |   0.0 |       0 |      18 |   0.0 |  1087
           D:5 |       0 |     831 |   0.0 |       0 |      22 |   0.0 |   779
           D:6 |       0 |    1207 |   0.0 |       0 |      22 |   0.0 |  1308
           D:7 |       0 |    1601 |   0.0 |       0 |      25 |   0.0 |   992
           D:8 |       0 |    2786 |   0.0 |       0 |      37 |   0.0 |  1306
           D:9 |       0 |    3209 |   0.0 |       0 |      31 |   0.0 |  1256
          D:10 |       0 |    2140 |   0.0 |       0 |      17 |   0.0 |   603
               +---------+---------+-------+---------+---------+-------+---------
